 Dungeon Crawl Stone Soup version 0.31-a0-559-g03b8d61ab2 (webtiles) character file.

Game seed: 5504159656859825728

161 Ethylacetat the Ducker (level 5, 0/36 HPs)
             Began as an Octopode Gladiator on Aug 17, 2023.
             Frozen to death by an endoplasm (2 damage)
             ... on level 3 of the Dungeon.
             The game lasted 00:02:40 (2023 turns).

Ethylacetat the Ducker (Octopode Gladiator)         Turns: 2023, Time: 00:02:41

Health: 0/36       AC:  1    Str: 12 (13) XL:     5   Next: 42%
Magic:  5/5        EV: 14    Int:  7 (10) God:
Gold:   140        SH:  0    Dex: 13 (16) Spells: 4/4 levels left

rFire   . .          .
                       - Unarmed
rCold   . . .        (no shield)
rNeg    . . .        a - +0 hat
rPois   .            (no amulet)
rElec   .            (no ring)
rCorr   .            (no ring)
SInv    .            (no ring)
Will    +....        (no ring)
Stlth   ++           (no ring)
HPRegen 0.26/turn    (no ring)
MPRegen 0.09/turn    (no ring)
                     (no ring)

%: no passive effects
@: enlightened, flying
A: almost no armour, amphibious, 8 rings, camouflage 1, gelatinous body 1,
(nimble swimmer 1), tentacles
a: no special abilities


You were on level 3 of the Dungeon.
You visited 1 branch of the dungeon, and saw 3 of its levels.

You collected 140 gold pieces.

Inventory:

Missiles
 b - 3 throwing nets (quivered)
 c - a javelin
Armour
 a - a +0 hat (worn)
Jewellery
 j - a ring of flight
Scrolls
 h - a scroll of fog {unknown}
 i - a scroll of amnesia {unknown}
 k - a scroll of poison {unknown}


   Skills:
 + Level 3.5 Fighting
 - Level 2.0 Throwing
 + Level 4.1 Dodging
 + Level 4.1 Unarmed Combat


You had 4 spell levels left.
You didn't know any spells.
Your spell library contained the following spells:

 Spells                   Type           Power      Damage    Failure   Level
 Magic Dart               Conj           0%         1d3       43%         1
 Call Imp                 Summ           0%         N/A       56%         2
 Mephitic Cloud           Conj/Pois/Air  0%         N/A       80%         3
 Iskenderun's Battlesphe  Conj           0%         2d6       100%        5
 Leda's Unmaking          Conj/Erth      0%         9d1       100%        6
 Spellforged Servitor     Conj/Summ      0%         N/A       100%        7


Dungeon Overview and Level Annotations

Branches:
Dungeon (3/15)

Altars:
Sif Muna

Shops:
D:2 =

Annotations:
D:3 Sigmund


Innate Abilities, Weirdness & Mutations

You cannot wear most types of armour.
You are amphibious.
You can wear up to eight rings at the same time.
Your skin changes colour to match your surroundings (Stealth+).
Your rubbery body absorbs attacks. (AC +1, EV +1)
((You are camouflaged when in or above water. (Stealth+)))
You have tentacles for arms and can constrict up to eight enemies at once.


Message History

The endoplasm closely misses you. Something hits you.
* * * LOW HITPOINT WARNING * * *
You're too confused to move!
The endoplasm misses you.
It was a potion of enlightenment.
You feel very buoyant.
You fly up into the air.
Something hits you.
* * * LOW HITPOINT WARNING * * *
The endoplasm hits you.
* * * LOW HITPOINT WARNING * * *
It was a potion of degeneration.
There was something very wrong with that liquid.
You feel weakened.
You feel dopey.
You feel clumsy. The endoplasm freezes you.
You are frozen.
* * * LOW HITPOINT WARNING * * *
You hear some strange, mumbled words.
A puff of flame appears from out of thin air!
The puff of flame misses you.
It was a potion of heal wounds.
You feel much better. The endoplasm closely misses you. Something hits you.
You bump into the rock wall.
You feel less confused.
The endoplasm jiggles.
The endoplasm hits you but does no damage.
You tentacle-slap the endoplasm.
The endoplasm is lightly wounded.
Something hits you! The endoplasm freezes you.
You are frozen.
You tentacle-slap the endoplasm.
You squeeze the endoplasm, but do no damage.
The endoplasm is severely wounded.
The endoplasm freezes you.
You are frozen.
Something hits you!
* * * LOW HITPOINT WARNING * * *
You miss something. You tentacle-slap something. You miss something.
The endoplasm freezes you.
You are frozen.
You die...

#.# ###### #.# #....#
#.########
#.##.#######..<......
..##...)......##.##.#
#############.##.##.#
#........ #.##.##.#
#.##@##.##..
#$..J{......
#.#.###.##.# #.#.# ..
#.... ... ###>## ..
#.# . #.# #.#


You could see an endoplasm.

Vanquished Creatures
  A jelly (D:1)
  Jessica (D:3)
  5 adders
  A worm (D:1)
  An orc (D:2)
  4 ball pythons
  4 bats
  10 endoplasms
  5 giant cockroaches
  3 goblins
  3 jackals (D:1)
  4 quokkas
  2 frilled lizards
  2 kobolds (D:1)
  9 rats
55 creatures vanquished.

Notes
Turn   | Place    | Note
-------+----------+-------------------------------------------
     0 | D:1      | Ethylacetat the Octopode Gladiator began the quest for the
                  | Orb.
     0 | D:1      | Reached XP level 1. HP: 14/14 MP: 1/1
     0 | D:1      | Noticed a jelly
     1 | D:1      | Found a runed translucent door.
   195 | D:1      | Reached XP level 2. HP: 19/19 MP: 2/2
   674 | D:1      | Reached XP level 3. HP: 22/25 MP: 3/3
   712 | D:1      | Reached XP level 4. HP: 7/30 MP: 4/4
  1283 | D:2      | Found a shimmering blue altar of Sif Muna.
  1414 | D:2      | Found Ozucvan's Jewellery Shop.
  1841 | D:3      | Reached XP level 5. HP: 35/36 MP: 5/5
  1914 | D:3      | Noticed Jessica
  1919 | D:3      | Killed Jessica
  1993 | D:3      | Noticed Sigmund
  2023 | D:3      | Frozen to death by an endoplasm

Illustrated notes

Levels and vault maps discovered:
D:1:      dpeg_arrival_caged_fury, layout_basic
D:2:      layout_basic, serial_shops, nicolae_shop_stone, basic_altar
D:3:      layout_loops_cross, marbit_many_paths, serial_bayou_lagoon_a,
          uniq_sigmund, uniq_jessica

Skill      XL: |  1  2  3  4  5 |
---------------+----------------+-----
Fighting       | 3 |  3.5
Unarmed Combat | 4 |  4.1
Dodging        | 4 |  4.1
Throwing       | |  2.0

Action                     |  1- 3 |  4- 6 || total
---------------------------+-------+-------++-------
  Melee: Unarmed           |    58 |    67 ||   125
         Constrict         |    10 |    11 ||    21
         Tentacles         |     9 |    12 ||    21
         Punch             |     3 |     5 ||     8
    Use: Potion            |       |     4 ||     4
   Stab: Sleeping          |     3 |     6 ||     9
         Distracted        |     1 |       ||     1
 Armour: Skin              |     3 |     4 ||     7
  Dodge: Dodged            |    30 |    41 ||    71

Table legend: (Time is in decaauts)
 A = Elapsed time spent in this place.
 B = Non-inter-level travel time spent in this place.
 C = Inter-level travel time spent in this place.
 D = Time resting spent in this place.
 E = Time spent auto-exploring this place.
 F = Levels seen in this place.
 G = Mean time per level.
                   A        B        C        D        E       F      G
               +--------+--------+--------+--------+--------+-----+--------+
         Total |   2013 |   1979 |     34 |     10 |   1631 |   3 |  671.0 |
       Dungeon |   2013 |   1979 |     34 |     10 |   1631 |   3 |  671.0 |
               +--------+--------+--------+--------+--------+-----+--------+

Top non-repeatable levels by time:
     D:2: 859 daAuts
     D:1: 845 daAuts
     D:3: 308 daAuts
